 Dungeon Crawl Stone Soup version 0.26.0-10-g1f06aea511 (webtiles) character file.

Game seed: 7178682711890103092

11834 Dracia the Spear-Bearer (level 11, -10/84 HPs)
             Began as a Merfolk Gladiator on Jan 19, 2021.
             Was a Priest of Makhleb.
             Killed from afar by a frost giant (29 damage)
             ... with a bolt of cold
             ... on level 10 of the Dungeon.
             The game lasted 00:28:56 (12985 turns).

Dracia the Spear-Bearer (Merfolk Gladiator)        Turns: 12985, Time: 00:28:56

Health: -10/84     AC: 15    Str: 21    XL:     11   Next: 83%
Magic:  0/21       EV: 19    Int:  7    God:    Makhleb [***...]
Gold:   40         SH:  8    Dex: 17    Spells: 4/10 levels left

rFire    + . .     SeeInvis .   a - +0 trident
rCold    . . .     Faith    .   G - +3 warlock's mirror {reflect}
rNeg     . . .     Spirit   +   B - +4 moon troll leather armour {Spirit, Regen++ MP+5}
rPois    +         Reflect  +   E - +1 helmet
rElec    .         Harm     .   (no cloak)
rCorr    .         Rampage  .   k - +2 pair of gloves
Will     +....                  r - +0 pair of boots (curse)
Stlth    +++++.....             (no amulet)
HPRegen  1.04/turn              P - ring of poison resistance
MPRegen  0.17/turn              i - ring "Jeurenn" {rF+ Will+ Str+4 Stlth+}

@: no status effects
A: change form in water, swift swim, stealthy swim
a: Renounce Religion, Minor Destruction, Lesser Servant of Makhleb


You were on level 10 of the Dungeon.
You worshipped Makhleb.
Makhleb was most pleased with you.
You visited 1 branch of the dungeon, and saw 10 of its levels.
You also visited: Sewer and Bailey.

You collected 40 gold pieces.


   Skills:
 - Level 7.5 Fighting
 - Level 14.0 Polearms
 - Level 2.0 Throwing
 - Level 3.7 Armour
 - Level 10.3 Dodging
 - Level 10.0 Stealth
 - Level 4.0 Shields
 + Level 7.3 Invocations
 - Level 4.9 Evocations


You had 4 spell levels left.
You knew the following spells:

 Your Spells              Type           Power        Failure   Level
o - Ozocubu's Armour      Ice            0%           85%         3
r - Frozen Ramparts       Ice            0%           85%         3

Your spell library contained the following spells:

 Spells                   Type           Power        Failure   Level
 Animate Skeleton         Necr           0%           47%         1
 Apportation              Tloc           0%           47%         1
 Beastly Appendage        Tmut           0%           47%         1
 Corona                   Hex            0%           47%         1
 Pain                     Necr           0%           47%         1
 Shock                    Conj/Air       0%           47%         1
 Summon Small Mammal      Summ           0%           47%         1
 Poisonous Vapours        Pois/Air       0%           63%         2
 Swiftness                Air            0%           63%         2
 Wereblood                Tmut           0%           63%         2
 Spider Form              Tmut/Pois      0%           85%         3
 Static Discharge         Conj/Air       0%           85%         3
 Vampiric Draining        Necr           0%           85%         3
 Airstrike                Air            0%           99%         4
 Animate Dead             Necr           0%           99%         4
 Hailstorm                Conj/Ice       0%           99%         4
 Ice Form                 Ice/Tmut       0%           99%         4
 Agony                    Necr           0%           100%        5
 Blade Hands              Tmut           0%           100%        5
 Lightning Bolt           Conj/Air       0%           100%        5

Inventory:

Hand Weapons
 a - a +0 trident (weapon)
Missiles
 d - 6 throwing nets {=f=f}
 j - 4 atropa-tipped darts
 m - a poisoned dart
Armour
 k - a +2 pair of gloves (worn)
 q - +0 steam dragon scales
 r - a cursed +0 pair of boots (worn)
 B - the +4 moon troll leather armour (worn) {Spirit, Regen++ MP+5}
   (You found it on level 9 of the Dungeon)

   It affects your magic capacity (+5).
   It increases your rate of regeneration.
 E - a +1 helmet (worn)
 G - the +3 warlock's mirror (worn) {reflect}
   (You acquired it in a bailey)
Magical Staves
 s - an uncursed staff of earth {!a!a, unknown}
Jewellery
 c - an uncursed ring of ice
 i - the ring "Jeurenn" (right hand) {rF+ Will+ Str+4 Stlth+}
   (You found it on level 9 of the Dungeon)

   [ring of willpower]

   It affects your strength (+4).
   It protects you from fire.
   It affects your willpower, your defense against some magical effects.
   It makes you more stealthy.
 C - an uncursed ring of ice
 F - an uncursed ring of fire
 I - a +6 ring of intelligence
 P - a ring of poison resistance (left hand)
Wands
 e - a wand of paralysis (8)
 f - a wand of iceblast (7)
 t - a wand of disintegration (14)
 y - a wand of polymorph (11)
 J - a wand of flame (23)
Scrolls
 h - 6 scrolls of identify {@r1@r1}
 n - 2 scrolls of enchant armour
 o - 6 scrolls of teleportation {@r4@r4}
 x - a scroll of random uselessness {unknown}
 A - a scroll of remove curse {@r2@r2}
 D - a scroll of immolation
Potions
 b - a potion of curing {@q1@q1}
 g - a potion of invisibility
 l - 2 potions of resistance
 p - 4 potions of flight
 u - a potion of attraction
 v - 2 potions of ambrosia
 w - a potion of might
 z - a potion of heal wounds {@q2@q2}
 H - a potion of berserk rage {!q!q}

Dungeon Overview and Level Annotations

Branches:
Dungeon (10/15)            Temple (0/1) D:7            Lair (0/6) D:10
  Sewer (visited)          Bailey (visited)
    Orc: D:9-12

Altars:
Ashenzari
Cheibriados
Dithmenos
Fedhas
Makhleb
Nemelex Xobeh
Okawaru
Qazlal
Sif Muna
Trog
Uskayaw
Vehumet
Yredelemnul
Zin

Shops:
D:5 (   D:9 [

Annotations:
D:9 Maurice

#..##...[.###...........≈≈≈.≈.≈≈
##.##.......##....#......≈≈≈....≈
..##.........###..#....≈≈≈≈......
###...##.##...##..#..C.))≈≈.≈.>..
##...#.....#...#......).)≈≈≈....≈
##...#.#)#÷#...#..#.....≈≈≈≈.≈.≈h
.......|#|........#C......≈≈≈≈≈≈≈
.#...#.#.#.#...##.........≈≈≈≈≈≈≈
.#...#.....#...#@).......≈≈≈≈.≈≈≈
.##...##.##...###.##.........≈≈.≈
..##.........##...#####....≈.≈...
#.###.......###.....# #......≈.≈.
#..>##.....## #.#.#.###..........
###..###.### #...<...######.#
..#### #.# ###.....##
#..#####.##### #.##...###
##..)).......####.####...#


You could see a frost giant.


Message History

The frost giant shouts!
What are your orders? t - Shout!
Orders for allies: a - Attack new target. r - Retreat! s - Stop attacking. g - Guard the area. f - Follow me.
Anything else - Cancel.
Gang up on whom?
Press: ? - help, Dir - move target, f - frost giant
Aim: a frost giant, wielding a +2 battleaxe of freezing Attack!
The frost giant casts a spell at you.
The bolt of cold misses your smoke demon.
The bolt of cold hits you!!
Your smoke demon barely misses the frost giant.
Your smoke demon hits the frost giant but does no damage. x2
Unknown command.
Something barely misses your smoke demon.
The frost giant points at you and mumbles some strange words.
The bolt of cold hits your smoke demon!!
The bolt of cold hits you!!!
Ouch! That really hurt!
* * * LOW HITPOINT WARNING * * *
Your smoke demon barely misses the frost giant.
Your smoke demon hits the frost giant but does no damage. x2
The frost giant gestures at you while chanting.
The bolt of cold hits your smoke demon!!!
Your smoke demon dies!
The bolt of cold hits you!!
You die...

Skill      XL: |  1  2  3  4  5  6  7  8  9 10 11 |
---------------+----------------------------------+-----
Polearms       | 5 6 7 8 9 11 12 14 | 14.0
Fighting       | 5 7 |  7.5
Dodging        | 5 10 | 10.3
Armour         | 3 |  3.7
Stealth        | 6 8 10 | 10.0
Evocations     | 4 |  4.9
Invocations    | 3 7 |  7.3
Shields        | 4 |  4.0
Throwing       | |  2.0

Action                   |  1- 3 |  4- 6 |  7- 9 | 10-12 || total
-------------------------+-------+-------+-------+-------++-------
Melee: Trident           |   115 |   196 |   327 |  1006 ||  1644
       Spear             |       |       |   131 |       ||   131
       Tailslap          |       |       |     2 |     6 ||     8
Invok: Lesser Servant of |       |       |       |     3 ||     3
  Use: Scroll            |     3 |     1 |    13 |     8 ||    25
       Potion            |     1 |     1 |     2 |     1 ||     5
 Stab: Sleeping          |     4 |     1 |     9 |    20 ||    34
       Distracted        |       |       |     1 |     3 ||     4
       Invisible         |       |       |       |     8 ||     8
Armor: Leather armour    |    26 |    32 |    53 |    12 ||   123
       Steam dragon scal |       |       |       |    34 ||    34
       Troll leather arm |       |       |       |   102 ||   102
       Swamp dragon scal |       |       |       |     3 ||     3
Dodge: Dodged            |    83 |   106 |   153 |   577 ||   919
Block: Buckler           |       |       |       |   125 ||   125
       Reflection        |       |       |       |     6 ||     6

Levels and vault maps discovered:
D:1:      dpeg_arrival_concentric_ovals, layout_loops_corners,
          ebering_dispersal_statue_hall, minmay_tree_intersection
D:2:      layout_basic, nicolae_overflow_crystal_walls, fedhas_altar_3,
          yredelemnul_altar_generic, chequers_ecumenical_altar_lobes,
          uniq_robin, uniq_terence
D:3:      layout_loops_cross
D:4:      layout_loops_cross, nicolae_qazlal_general_emergency,
          overflow_temple_1_default, kennysheep_decorative_pillar
D:5:      layout_rooms, kennysheep_mini, gup_sewer_entry_glass, serial_shops,
          shop_fountains, uniq_ijyb
D:6:      layout_loops_cross, minmay_misc_feat_iff, uniq_prince_ribbit1
D:7:      layout_gridville, grunt_temple_overflow_open,
          minmay_temple_entry_mini_moons, chequers_serial_rivers_small_b,
          kennysheep_donut, minmay_misc_feat_pillars, uniq_maggie
D:8:      layout_rooms, eat_drink_and_be_merry_uskayaw, lemuel_round_altar
D:9:      layout_roguey, serial_shops, shop, enter_bailey_5, library_closet,
          grunt_decor_arrowhead, uniq_grum, uniq_maurice
D:10:     minmay_coctagon, layout_rooms, erik_lair_island, basic_altar,
          grunt_ogre_cave

Notes
Turn   | Place    | Note
-------+----------+-------------------------------------------
     0 | D:1      | Dracia the Merfolk Gladiator began the quest for the Orb.
     0 | D:1      | Reached XP level 1. HP: 16/16 MP: 1/1
    85 | D:1      | Reached skill level 5 in Polearms
   246 | D:1      | Reached XP level 2. HP: 22/22 MP: 2/2
   625 | D:1      | Reached skill level 6 in Polearms
   625 | D:1      | Reached XP level 3. HP: 21/27 MP: 3/3
  1149 | D:2      | Found a glowing silver altar of Zin.
  1191 | D:2      | HP: 2/27 [poisoned by an adder]
  1483 | D:2      | Noticed Robin
  1529 | D:2      | Killed Robin
  1530 | D:2      | Reached skill level 7 in Polearms
  1530 | D:2      | Reached XP level 4. HP: 14/33 MP: 4/4
  1832 | D:2      | Found a basalt altar of Yredelemnul.
  2136 | D:2      | Found a blossoming altar of Fedhas.
  2353 | D:2      | Noticed Terence
  2368 | D:2      | Killed Terence
  2369 | D:2      | Reached skill level 8 in Polearms
  2369 | D:2      | Reached XP level 5. HP: 23/38 MP: 5/5
  2740 | D:2      | Found a faded altar of an unknown god.
  3636 | D:3      | Reached skill level 9 in Polearms
  3872 | D:4      | Reached XP level 6. HP: 27/44 MP: 6/6
  3996 | D:4      | Found a bloodstained altar of Trog.
  4239 | D:4      | Reached skill level 10 in Polearms
  4417 | D:4      | Found a stormy altar of Qazlal.
  4453 | D:4      | HP: 6/66 [orc wizard/+0 dagger (4)]
  4466 | D:4      | Reached skill level 11 in Polearms
  4466 | D:4      | Reached XP level 7. HP: 6/50 MP: 7/7
  5408 | D:4      | Identified a potion of resistance
  5432 | D:5      | Entered Level 5 of the Dungeon
  5432 | D:5      | Noticed Ijyb
  5444 | D:5      | Killed Ijyb
  5466 | D:5      | Reached skill level 12 in Polearms
  5481 | D:5      | Found a glowing drain.
  5536 | D:5      | Reached XP level 8. HP: 16/56 MP: 8/8
  5537 | D:5      | Reached skill level 13 in Polearms
  5785 | Sewer    | Entered a sewer
  6397 | D:5      | Found Umauwn's Weapon Boutique.
  6490 | D:5      | Found a broken altar of Ashenzari.
  6554 | D:5      | Reached skill level 14 in Polearms
  6735 | D:6      | Reached skill level 3 in Fighting
  6787 | D:6      | Reached skill level 4 in Fighting
  6832 | D:6      | Reached skill level 5 in Fighting
  6986 | D:6      | Reached skill level 5 in Dodging
  7036 | D:6      | Reached XP level 9. HP: 49/68 MP: 9/9
  7230 | D:6      | Reached skill level 6 in Dodging
  7521 | D:6      | Reached skill level 7 in Dodging
  7571 | D:6      | Noticed Prince Ribbit
  7587 | D:6      | Killed Prince Ribbit
  7783 | D:6      | Identified a potion of experience
  7785 | D:6      | Reached skill level 7 in Fighting
  7785 | D:6      | Reached skill level 3 in Armour
  7785 | D:6      | Reached skill level 10 in Dodging
  7785 | D:6      | Reached skill level 6 in Stealth
  7785 | D:6      | Reached skill level 4 in Evocations
  7785 | D:6      | Reached XP level 10. HP: 79/79 MP: 10/10
  7862 | D:7      | Noticed Maggie
  7963 | D:7      | Killed Maggie
  7964 | D:7      | Reached skill level 7 in Stealth
  8191 | D:7      | Found a staircase to the Ecumenical Temple.
  8243 | D:7      | Found an iron altar of Okawaru.
  8247 | D:7      | Found a radiant altar of Vehumet.
  8249 | D:7      | Found a shimmering blue altar of Sif Muna.
  8249 | D:7      | Found a burning altar of Makhleb.
  8249 | D:7      | Found a snail-covered altar of Cheibriados.
  8275 | D:7      | Became a worshipper of Makhleb the Destroyer
  8438 | D:7      | Reached skill level 1 in Invocations
  9474 | D:8      | Found a hide-covered altar of Uskayaw.
  9501 | D:8      | Reached skill level 2 in Invocations
  9803 | D:8      | Found a shadowy altar of Dithmenos.
 10079 | D:8      | Reached * piety under Makhleb
 10203 | D:9      | Found Ilocuu's Antique Armour Shoppe.
 10361 | D:9      | Found the +4 moon troll leather armour {Spirit, Regen++
                  | MP+5}
 10412 | D:9      | Identified Buatiorro's Almanac of Noxious Ice
 10423 | D:9      | Learned a level 3 spell: Frozen Ramparts
 10427 | D:9      | Learned a level 3 spell: Ozocubu's Armour
 10462 | D:9      | Found a flagged portal.
 10472 | D:9      | Reached skill level 8 in Stealth
 10495 | Bailey   | Entered a bailey
 10538 | Bailey   | Noticed an orc knight
 10607 | Bailey   | Killed an orc knight
 10608 | Bailey   | Reached skill level 3 in Invocations
 10650 | Bailey   | Noticed a kobold demonologist
 10651 | Bailey   | Found an iron altar of Okawaru.
 10651 | Bailey   | Noticed a kobold demonologist
 10688 | Bailey   | Noticed a smoke demon
 10696 | Bailey   | Noticed an orange demon
 10696 | Bailey   | Killed a kobold demonologist
 10697 | Bailey   | Reached XP level 11. HP: 27/84 MP: 5/13
 10711 | Bailey   | Reached skill level 4 in Invocations
 10952 | Bailey   | Reached ** piety under Makhleb
 10988 | Bailey   | Reached skill level 9 in Stealth
 11303 | Bailey   | Reached skill level 5 in Invocations
 11381 | Bailey   | Acquired the +3 warlock's mirror {reflect}
 11382 | Bailey   | Found the +3 warlock's mirror {reflect}
 11532 | D:9      | Noticed Grum
 11537 | D:9      | Noticed Maurice
 11545 | D:9      | Killed Grum
 11547 | D:9      | Reached skill level 1 in Shields
 11559 | D:9      | Paralysed by something for 4 turns
 12072 | D:9      | Got a scintillating amber ring
 12074 | D:9      | Identified the ring "Jeurenn" {rF+ Will+ Str+4 Stlth+} (You
                  | found it on level 9 of the Dungeon)
 12228 | D:10     | Entered Level 10 of the Dungeon
 12275 | D:10     | Noticed a frost giant
 12276 | D:10     | Found the +8 frozen axe "Frostbite" {freezing cloud, *Noise
                  | +Fly rC+}
 12282 | D:10     | Found a staircase to the Lair.
 12397 | D:10     | Noticed a two-headed ogre
 12403 | D:10     | Reached skill level 2 in Shields
 12414 | D:10     | Killed a two-headed ogre
 12415 | D:10     | Reached skill level 6 in Invocations
 12416 | D:10     | Reached *** piety under Makhleb
 12457 | D:10     | Reached skill level 10 in Stealth
 12473 | D:10     | Reached skill level 3 in Shields
 12685 | D:10     | Reached skill level 4 in Shields
 12699 | D:10     | Reached skill level 7 in Invocations
 12733 | D:10     | Found a sparkling altar of Nemelex Xobeh.
 12740 | D:10     | HP: 2/84 [frost giant/bolt of cold (35)]
 12985 | D:10     | Killed from afar by a frost giant

Vanquished Creatures
  A two-headed ogre (D:10)
  An orc knight (Bailey)
  A centaur skeleton (D:10)
  2 rime drakes (D:10)
  Maggie (D:7)
  2 kobold demonologists (Bailey)
  A troll (D:10)
  A polar bear (D:10)
  Prince Ribbit (D:6)
  A wyvern (D:8)
  Grum (D:9)
  A water moccasin (D:9)
  3 ice beasts
  12 orc warriors
  2 sky beasts
  4 ogres
  A necrophage (D:6)
  5 wolves
  A phantom (D:9)
  5 centaurs
  A big kobold (D:9)
  5 bullfrogs
  A gnoll sergeant (D:7)
  A wyvern skeleton (D:10)
  A scorpion (D:8)
  8 wights
  6 electric eels
  4 howler monkeys
  4 centaur zombies
  A bullfrog zombie (D:7)
  5 jellies
  6 orc wizards
  2 bullfrog skeletons
  7 orc priests
  5 hounds
  A gnoll shaman (D:3)
  4 iguanas
  Ijyb (D:5)
  Terence (D:2)
  6 worker ants
  2 merfolk sirens (Sewer)
  A merfolk avatar (Sewer)
  A hound zombie (D:5)
  2 hound skeletons
  Robin (D:2)
  A howler monkey zombie (D:7)
  A worker ant zombie (D:7)
  17 gnolls
  15 adders
  2 river rats (Sewer)
  A shadow imp (D:6)
  4 white imps
  2 adder zombies
  2 worms
  5 dart slugs
  7 leopard geckos
  50 orcs
  11 giant cockroaches
  6 hobgoblins
  4 jackals (D:1)
  9 ball pythons
  2 bats (D:2)
  7 frilled lizards
  28 goblins
  9 kobolds
  27 rats
334 creatures vanquished.

Vanquished Creatures (collateral kills)
  An ice beast (D:10)
  A bullfrog (D:10)
  A wight (D:10)
  An electric eel (D:10)
4 creatures vanquished.

Vanquished Creatures (others)
  An adder (D:10)
  9 fungi (D:2)
  11 plants (D:2)
21 creatures vanquished.

Grand Total: 359 creatures vanquished

Table legend: (Time is in decaauts)
 A = Elapsed time spent in this place.
 B = Non-inter-level travel time spent in this place.
 C = Inter-level travel time spent in this place.
 D = Time resting spent in this place.
 E = Time spent auto-exploring this place.
 F = Levels seen in this place.
 G = Mean time per level.
                   A        B        C        D        E       F      G
               +--------+--------+--------+--------+--------+-----+--------+
         Total |  12238 |  11909 |    329 |   2573 |   6824 |  12 | 1019.8 |
       Dungeon |  11012 |  10683 |    329 |   2481 |   6206 |  10 | 1101.2 |
         Sewer |    453 |    453 |      0 |      0 |    329 |   1 |  453.0 |
        Bailey |    771 |    771 |      0 |     92 |    287 |   1 |  771.0 |
               +--------+--------+--------+--------+--------+-----+--------+

Top non-repeatable levels by time:
     D:2: 1660 daAuts
     D:4: 1561 daAuts
     D:6: 1279 daAuts
     D:7: 1223 daAuts
     D:1: 1140 daAuts
     D:9: 1099 daAuts
     D:3: 1034 daAuts
  Bailey: 771 daAuts
     D:8: 770 daAuts
     D:5: 654 daAuts
    D:10: 589 daAuts
   Sewer: 453 daAuts

Table legend:
 A = Non-vault XP
 B = Vault XP
 C = Vault XP percentage of total XP
 D = Non-vault monster count
 E = Vault monster count
 F = Vault count percentage of total count
                 A         B        C        D         E       F
            +---------+---------+-------+---------+---------+-------
      Total |    7471 |    6540 |  46.7 |     216 |     123 |  36.3
            +---------+---------+-------+---------+---------+-------
        D:1 |      44 |       0 |   0.0 |      23 |       0 |   0.0
        D:2 |      67 |      71 |  51.4 |      16 |      13 |  44.8
        D:3 |     124 |       0 |   0.0 |      14 |       0 |   0.0
        D:4 |     558 |       0 |   0.0 |      31 |       0 |   0.0
        D:5 |     672 |      55 |   7.6 |      16 |       5 |  23.8
        D:6 |     920 |     264 |  22.3 |      25 |       1 |   3.8
        D:7 |    1153 |     376 |  24.6 |      39 |       1 |   2.5
        D:8 |     888 |       0 |   0.0 |      14 |       0 |   0.0
        D:9 |     822 |     542 |  39.7 |      16 |       8 |  33.3
       D:10 |    2223 |    1971 |  47.0 |      22 |      12 |  35.3
      Sewer |       0 |     182 | 100.0 |       0 |      39 | 100.0
     Bailey |       0 |    3079 | 100.0 |       0 |      44 | 100.0
            +---------+---------+-------+---------+---------+-------
